 Dungeon Crawl Stone Soup version 0.28.0-1-gb440e238dd (webtiles) character file.

Game seed: 6490787529185880255

20 Kaptain the Digger (level 2, 0/18 HPs)
             Began as an Octopode Earth Elementalist on Feb 24, 2022.
             Slain by a quokka (4 damage)
             ... on level 1 of the Dungeon.
             The game lasted 00:02:13 (457 turns).

Kaptain the Digger (Octopode Earth Elementalist)     Turns: 457, Time: 00:02:14

Health: 0/18       AC:  1    Str:  7    XL:     2   Next: 79%
Magic:  1/5        EV: 13    Int: 17    God:
Gold:   12         SH:  0    Dex: 12    Spells: 4/5 levels left

rFire   . . .      SeeInvis .   d - +0 short sword
rCold   . . .      Faith    .   (no shield)
rNeg    . . .      Spirit   .   (helmet restricted)
rPois   .          Reflect  .   (no amulet)
rElec   .          Harm     .   (no ring)
rCorr   .          Rampage  .   (no ring)
Will    .....                   (no ring)
Stlth   +++.......              (no ring)
HPRegen 0.06/turn               (no ring)
MPRegen 0.09/turn               (no ring)
                                (no ring)
                                (no ring)

@: no status effects
A: almost no armour, amphibious, 8 rings, camouflage 1, gelatinous body 1,
(nimble swimmer 1), tentacles
a: no special abilities


You were on level 1 of the Dungeon.
You visited 1 branch of the dungeon, and saw 1 of its levels.

You collected 12 gold pieces.

Inventory:

Hand Weapons
 d - a +0 short sword (weapon)
Missiles
 b - 44 stones
Scrolls
 a - a scroll of teleportation {unknown}
 c - a scroll of identify {unknown}


   Skills:
 * Level 0.8 Fighting
 + Level 2.1 Dodging
 + Level 2.9 Stealth
 * Level 2.2 Spellcasting
 * Level 0.7 Conjurations
 - Level 1.0 Transmutations
 * Level 3.2 Earth Magic


You had 4 spell levels left.
You knew the following spells:

 Your Spells              Type           Power      Damage    Failure   Level
a - Sandblast             Erth           24%        2d8       4%          1

Your spell library contained the following spells:

 Spells                   Type           Power      Damage    Failure   Level
 Passwall                 Tmut/Erth      7%         N/A       12%         2
 Stone Arrow              Conj/Erth      16%        3d8       26%         3
 Petrify                  Tmut/Erth      9%         N/A       61%         4


Dungeon Overview and Level Annotations

Branches:
Dungeon (1/15)

Altars:


Innate Abilities, Weirdness & Mutations

You cannot wear most types of armour.
You are amphibious.
You can wear up to eight rings at the same time.
Your skin changes colour to match your surroundings (Stealth+).
Your rubbery body absorbs attacks. (AC +1, EV +1)
((You are camouflaged when in or above water. (Stealth+)))
You have tentacles for arms and can constrict up to eight enemies at once.


Message History

Aim: a ball python (77% to hit)
The blast of sand misses the ball python.
The blast of sand misses the quokka.
The ball python bites you but does no damage.
The ball python barely misses you. x3
You aren't carrying any potions.
Unknown command.
You hit the ball python. Your grab misses the ball python.
Your squeeze misses the ball python.
The ball python is moderately wounded.
The ball python closely misses you. The ball python grabs you.
The ball python constricts you.
You closely miss the ball python. You grab the ball python.
The ball python is moderately wounded.
You constrict the ball python. The ball python bites you.
The ball python constricts you.
* * * LOW HITPOINT WARNING * * *
The ball python bites you.
* * * LOW HITPOINT WARNING * * *
The ball python constricts you.
* * * LOW HITPOINT WARNING * * *
You aren't carrying any potions.
Unknown command.
You escape the ball python's grasp.
You release your grip on the ball python.
You hit the ball python. Your grab misses the ball python.
You squeeze the ball python.
You kill the ball python!
Unknown command.
Casting: Sandblast (safe; 4% risk of failure)
Confirm with . or Enter, or press ? or * to list all spells.
Aiming: Sandblast (safe; 4% risk of failure)
Press: ? - help, Shift-Dir - straight line, f - rat
Aim: a rat (79% to hit)
The blast of sand hits the rat!
You kill the rat!
You see here a rat corpse.
The quokka twitches its whiskers.
The quokka bites you.
You die...

###..#...#.### ##.............#.
.............## #...###........#.
..............#>#..##..........##
#.............#.#..##.#.....)..#
.#...#...#......#..##.#........#
...[.#...####.###....#.........#
.....#.).# #.###.#.###.########
#..###...# #......## ##.# ...#
##.## ####@...###.#########
..####...# #.r.....#.## #......
#.......#.####........## #......
#.####.#.###.........######.####.
#.# ##.####.###...............).
#.# # #.K.......####..########
#.# #.#.##.#.## ##..# ##
#.########.#......# ##..## ..#
..)..K..†..####.### #....## ..J.


You could see a quokka and a kobold.

Vanquished Creatures
  5 ball pythons (D:1)
  3 endoplasms (D:1)
  2 goblins (D:1)
  A hobgoblin (D:1)
  3 kobolds (D:1)
  2 frilled lizards (D:1)
  2 rats (D:1)
18 creatures vanquished.

Notes
Turn   | Place    | Note
-------+----------+-------------------------------------------
     0 | D:1      | Kaptain the Octopode Earth Elementalist began the quest for
                  | the Orb.
     0 | D:1      | Reached XP level 1. HP: 11/11 MP: 3/3
    70 | D:1      | Reached XP level 2. HP: 18/18 MP: 5/5
   230 | D:1      | Found a faded altar of an unknown god.
   457 | D:1      | Slain by a quokka

Illustrated notes

Levels and vault maps discovered:
D:1:      minmay_arrival_radiant_lines, layout_loops_cross,
          nicolae_ecumenical_snake_handling

Action                   || total
-------------------------++-------
Melee: Dagger            ||    13
       Constrict         ||     6
       Tentacles         ||     5
       Short sword       ||    14
 Cast: Sandblast         ||     7
 Stab: Sleeping          ||     1
Armor: Skin              ||     3
Dodge: Dodged            ||    18
